AoeStats
← ABK

Arena

509193849Analyzed
1v1 RM · 7d ago on Sep 25, 2026· 41m 15s· 2 players
Game mode
Random Map
Map size
Tiny (2 player)
Population
200
Speed
Normal
Resources
Standard
Victory
Conquest
Starting age
Dark Age
Ending age
Imperial Age
RankedLock teamsTeams togetherTeam positionsShared explorationLock speedFull tech treeHidden civsTurbo modeCheats
Victory
Defeat
🇨🇿 Poles · Czechia
711
+19
🇧🇷 Slavs · Brazil
769
-19
good_mother
2:08 Loom
10:42 Feudal Age
11:41 Horse Collar
11:49 Double-Bit Axe
20:13 Castle Age
20:36 Bloodlines
20:37 Scale Barding Armor
20:43 Forging
20:25 Fletching
20:36 Padded Archer Armor
20:44 Scale Mail Armor
21:58 Wheelbarrow
21:56 Bow Saw
21:51 Heavy Plow
25:55 Stone Mining
25:55 Gold Mining
27:06 Husbandry
29:38 Hand Cart
34:36 Imperial Age
34:15 Murder Holes
34:41 Ballistics
34:02 Treadmill Crane
34:35 Fortified Wall
34:52 Capped Ram
38:36 Hoardings
38:10 Szlachta Privileges
39:41 Hoardings
39:25 Bodkin Arrow
40:03 Arson
40:19 Squires
39:39 Pikeman
41:12 Cavalier
ABK
11:00 Feudal Age
11:21 Horse Collar
11:27 Double-Bit Axe
15:17 Gold Mining
16:01 Loom
17:41 Stone Mining
18:35 Wheelbarrow
20:10 Castle Age
17:52 Man-at-Arms
19:39 Forging
19:30 Scale Mail Armor
20:29 Town Watch
22:06 Bow Saw
21:57 Heavy Plow
22:26 Long Swordsman
23:19 Squires
24:27 Pikeman
26:12 Chain Mail Armor
26:33 Iron Casting
26:10 Fletching
29:02 Town Patrol
31:21 Bodkin Arrow
32:17 Gold Shaft Mining
34:53 Imperial Age
32:49 Hand Cart
35:26 Two-Handed Swordsman
39:13 Champion
39:39 Halberdier
Connection lost

Rejoining the realm…

Still unreachable

The connection could not be restored.

Session expired

The server has moved on; the page needs a fresh start.